 Dungeon Crawl Stone Soup version 0.23.1 (webtiles) character file.

Game seed: 0

185 Hasart the Covered (level 5, -1/33 HPs)
             Began as a Gargoyle Fighter on Mar 7, 2019.
             Slain by Pikel
             ... wielding a +2 whip of flaming
              (2 damage)
             ... on level 4 of the Dungeon.
             The game lasted 00:05:44 (3028 turns).

Hasart the Covered (Gargoyle Fighter)               Turns: 3028, Time: 00:05:45

Health: -1/33      AC: 12    Str: 25    XL:     5   Next: 64%
Magic:  5/5        EV:  7    Int:  8    God:
Gold:   222        SH: 10    Dex: 10    Spells: 4/4 levels left

rFire    . . .     SeeInvis .   a - +0 long sword
rCold    . . .     Gourm    .   c - +0 shield
rNeg     + . .     Faith    .   b - +0 scale mail
rPois    ∞         Spirit   .   (no helmet)
rElec    +         Reflect  .   i - +0 cloak
rCorr    .         Harm     .   (no gloves)
MR       .....                  (no boots)
Stlth    ..........             (no amulet)
HPRegen  0.11/turn              (no ring)
MPRegen  0.09/turn              (no ring)

@: mighty
A: negative energy resistance 1, electricity resistance, unbreathing,
petrification resistance, rot immunity, AC +4
a: no special abilities


You were on level 4 of the Dungeon.
You were not hungry.

You visited 1 branch of the dungeon, and saw 4 of its levels.

You collected 222 gold pieces.

Inventory:

Hand Weapons
 a - a +0 long sword (weapon)
 t - a +2 morningstar of holy wrath
Armour
 b - a +0 scale mail (worn)
 c - a +0 shield (worn)
 i - a +0 cloak (worn)
Scrolls
 g - 2 scrolls of remove curse {unknown}
 k - a scroll of teleportation {unknown}
 m - a scroll of identify {unknown}
 n - 2 scrolls of amnesia {unknown}
 r - a scroll of enchant armour {unknown}
 s - a scroll of enchant weapon {unknown}
 u - 2 scrolls of magic mapping {unknown}
Potions
 e - 3 potions of heal wounds {unknown}
 h - a potion of curing {unknown}
 j - 2 potions of mutation {unknown}
 l - a potion of berserk rage {unknown}
 o - a potion of haste {unknown}
 p - 2 potions of brilliance {unknown}
 q - 2 potions of magic {unknown}
 v - a potion of flight {unknown}
 x - a potion of resistance {unknown}
Comestibles
 f - 3 rations


   Skills:
 + Level 4.1 Fighting
 * Level 3.4 Long Blades
 + Level 4.2 Armour
 + Level 4.2 Shields


You had 4 spell levels left.
You didn't know any spells.
Your spell library was empty.

Dungeon Overview and Level Annotations

Branches:
Dungeon (4/15)
 Temple: D:4-7

Altars:
Cheibriados
Kikubaaqudgha
Xom

Annotations:
D:4 Pikel


Innate Abilities, Weirdness & Mutations

You are resistant to torment.
Your stone body is resilient. (AC +4)
You are immune to poison.
You resist negative energy. (rN+)
You are resistant to electric shocks. (rElec)
You can survive without breathing.
You are immune to petrification.
You are immune to rotting.


Message History

Pikel hits you with a +2 whip of flaming.
Pikel burns you.
You slash Pikel!
Pikel is heavily wounded.
Pikel closely misses you.
You riposte.
You barely miss Pikel.
Pikel is heavily wounded.
Your shield and scale mail prevent you from hitting Pikel.
Pikel is heavily wounded.
Pikel zaps a wand.
You are blasted!
* * * LOW HITPOINT WARNING * * *
You block Pikel's attack.
You barely miss Pikel.
Pikel is heavily wounded.
Pikel hits you but does no damage.
You closely miss Pikel.
Pikel is heavily wounded.
Pikel hits you with a +2 whip of flaming!
* * * LOW HITPOINT WARNING * * *
Pikel burns you.
You die...

#...# #.#.#.# #...#######.....#
###### #.........###.### #.....
#.#######...#####.###.#####.....
#..............)...##....##.....
.........[....))................
.#............)....##....##.....
########...#####..##.#..##.....
#..pppK@...#..#..##<....
#..p######.#.##..####### #...#
#.#.##..# #....# #.......#
#...K# ###.##### ....p.#
#.###### ###..... #......#
.....#. ######.###### #..#.#..
#.......


You could see Pikel and 4 slaves.

Vanquished Creatures
  An orc wizard (D:4)
  7 adders
  2 oozes
  2 worms
  3 dart slugs (D:2)
  3 leopard geckos (D:1)
  5 orcs
  2 giant cockroaches (D:3)
  9 goblins
  6 hobgoblins
  6 jackals
  A quokka (D:3)
  2 ball pythons
  4 bats
  3 frilled lizards
  6 kobolds
  7 rats
69 creatures vanquished.

Notes
Turn   | Place    | Note
-------+----------+-------------------------------------------
     0 | D:1      | Hasart the Gargoyle Fighter began the quest for the Orb.
     0 | D:1      | Reached XP level 1. HP: 14/14 MP: 1/1
    22 | D:1      | Found a shimmering altar of Xom.
   165 | D:1      | Reached XP level 2. HP: 19/19 MP: 2/2
   725 | D:2      | Reached XP level 3. HP: 23/23 MP: 3/3
   747 | D:2      | Found a faded altar of an unknown god.
   999 | D:2      | Found an ancient bone altar of Kikubaaqudgha.
  1140 | D:2      | Reached XP level 4. HP: 29/29 MP: 4/4
  1344 | D:2      | Found a snail-covered altar of Cheibriados.
  1905 | D:3      | Reached XP level 5. HP: 31/33 MP: 5/5
  3007 | D:4      | Noticed a slave
  3007 | D:4      | Noticed a slave
  3008 | D:4      | Noticed Pikel
  3008 | D:4      | Noticed a slave
  3020 | D:4      | Noticed a slave
  3028 | D:4      | HP: 1/33 [Pikel/+2 whip of flaming (7)]
  3028 | D:4      | Slain by Pikel

Skill      XL: |  1  2  3  4  5 |
---------------+----------------+-----
Long Blades    | 2 3 |  3.4
Armour         | 4 |  4.2
Fighting       | 4 |  4.1
Shields        | 4 |  4.2

Action                   |  1- 3 |  4- 6 || total
-------------------------+-------+-------++-------
Melee: Long sword        |   111 |   153 ||   264
       Morningstar       |       |     4 ||     4
  Use: Potion            |       |     1 ||     1
  Eat: Chunk             |     1 |     6 ||     7
Armor: Scale mail        |    56 |   104 ||   160
Dodge: Dodged            |    41 |    59 ||   100
Block: Shield            |    50 |    96 ||   146
       Rpst.: Long sword |    17 |    18 ||    35
